Map: [ESL] Radhuset Station

Players

ShaDoWn

  • Race: Protoss Protoss
  • Spawn Location: 1:00

Bly - Winner!

  • Race: Zerg Zerg
  • Spawn Location: 7:00

Event: ESL SC2 Masters 2023 Winter (Regional)

VOD

Have the link to the VOD?

Description

Time

  • Played on: Nov. 5, 2023, 11:11 a.m.
  • Length: 17:38

All games in this series

Show
View Real Time Build Order
Export as new Build Order

ShaDoWn Protoss 

Build Orders: 1 Gate Expand 

Get SALT Encoding   

  12  0:00  Probe  
  13  0:12  Probe  
  14  0:20  Pylon  
  14  0:24  Probe  
  15  0:38  Gateway, Probe (Chrono Boost)  
  16  0:48  Probe (Chrono Boost)  
  16  0:49  Assimilator  
  17  0:52  Probe (Chrono Boost)  
  18  1:04  Probe  
  19  1:16  Probe  
  20  1:28  Nexus  
  21  1:37  Cybernetics Core  
  20  1:40  Probe  
  20  1:46  Pylon  
  21  1:52  Probe  
  22  2:04  Probe (Chrono Boost)  
  23  2:10  Adept (Chrono Boost)  
  25  2:16  Probe (Chrono Boost)  
  25  2:17  Assimilator  
  26  2:25  Probe (Chrono Boost)  
  27  2:31  Probe (Chrono Boost)  
  27  2:33  Adept  
  30  2:41  Probe (Chrono Boost)  
  32  2:46  Stargate  
  32  2:49  Probe (Chrono Boost)  
  32  2:50  Probe (Chrono Boost)  
  33  2:55  Probe x2 (Chrono Boost)  
  33  2:58  Gateway  
  35  3:00  Warp Gate  
  35  3:07  Probe  
  35  3:08  Probe  
  37  3:19  Probe  
  38  3:20  Probe  
  38  3:26  Pylon  
  39  3:31  Probe  
  39  3:32  Void Ray (Chrono Boost), Probe  
  45  3:43  Probe  
  45  3:47  Nexus  
  46  3:49  Probe  
  47  3:55  Probe  
  47  3:59  Assimilator  
  47  4:00  Oracle (Chrono Boost)  
  47  4:01  Probe  
  52  4:07  Pylon  
  52  4:08  Probe  
  53  4:13  Probe  
  53  4:14  Pylon  
  54  4:18  Pylon  
  54  4:25  Probe x2  
  54  4:26  Stargate  
  56  4:32  Pylon  
  56  4:37  Probe x2  
  58  4:41  Phoenix  
  60  4:47  Assimilator  
  60  4:48  Forge  
  60  4:49  Probe x2  
  60  4:51  Stalker  
  64  5:05  Stalker  
  70  5:08  Shield Battery  
  70  5:14  Adept  
  70  5:16  Probe  
  70  5:18  Void Ray (Chrono Boost)  
  70  5:21  Probe  
  67  5:28  Stalker  
  67  5:30  Probe  
  68  5:36  Zealot  
  68  5:38  Probe  
  68  5:42  Void Ray (Chrono Boost), Gateway  
  75  5:45  Probe  
  75  5:47  Shield Battery x2  
  75  5:49  Probe  
  76  5:52  Probe, Stalker  
  79  5:57  Probe  
  79  6:02  Probe  
  81  6:04  Probe  
  81  6:07  Assimilator  
  81  6:09  Assimilator, Probe  
  81  6:10  Zealot  
  85  6:12  Pylon  
  85  6:14  Pylon, Probe  
  85  6:17  Probe  
  87  6:20  Phoenix  
  87  6:21  Probe  
  90  6:26  Probe  
  90  6:27  Phoenix  
  90  6:29  Probe  
  94  6:33  Probe  
  95  6:45  Phoenix  
  97  6:47  Photon Cannon, Stalker x2  
  97  6:53  Phoenix  
  101  6:56  Probe  
  101  6:59  Probe  
  97  7:03  Probe  
  97  7:08  Probe  
  94  7:09  Shield Battery  
  94  7:11  Probe  
  94  7:12  Zealot  
  94  7:15  Probe  
  102  7:16  Void Ray  
  102  7:20  Probe, Phoenix  
  102  7:22  Zealot  
  107  7:23  Probe  
  102  7:32  Probe  
  102  7:35  Gateway  
  102  7:36  Gateway  
  103  7:38  Stalker  
  103  7:39  Shield Battery, Probe  
  106  7:44  Probe  
  111  7:51  Void Ray  
  111  7:52  Probe  
  111  7:54  Probe  
  111  7:56  Stalker  
  113  7:59  Void Ray  
  113  8:08  Nexus  
  113  8:28  Nexus  
  113  8:29  Pylon  
  113  8:43  Pylon  
  113  8:44  Pylon x3  
  113  8:52  Shield Battery  
  113  8:55  Photon Cannon  
  113  9:01  Probe  
  114  9:04  Stalker x4  
  119  9:12  Cybernetics Core  
  119  9:23  Probe x2 (Chrono Boost)  
  122  9:28  Probe (Chrono Boost)  
  123  9:32  Probe (Chrono Boost)  
  123  9:33  Probe (Chrono Boost)  
  123  9:36  Probe (Chrono Boost)  
  123  9:37  Probe (Chrono Boost)  
  123  9:38  Probe (Chrono Boost)  
  125  9:42  Stalker  
  125  9:43  Stalker x2  
  125  9:45  Shield Battery  
  133  9:47  Probe  
  133  9:49  Probe  
  135  9:54  Protoss Ground Weapons Level 1  
  135  9:57  Stalker  
  128  10:08  Twilight Council  
  128  10:09  Stalker x3  
  134  10:14  Gateway  
  134  10:18  Robotics Facility, Probe  
  135  10:27  Stalker  
  135  10:28  Probe  
  138  10:33  Stalker x3  
  148  10:35  Void Ray  
  148  10:36  Void Ray  
  138  10:57  Stalker x2  
  138  10:58  Stalker x2  
  138  11:01  Probe  
  140  11:05  Blink (Chrono Boost)  
  140  11:18  Nexus  
  136  11:32  Stalker x5  
  140  11:33  Probe  
  140  11:37  Probe  
  140  11:42  Probe  
  135  11:51  Pylon  
  129  11:58  Stalker x4  
  129  12:00  Protoss Ground Weapons Level 2  
  133  12:03  Gateway  
  133  12:07  Probe  
  128  12:08  Gateway, Pylon  
  126  12:21  Stalker x4  
  126  12:28  Probe x2  
  123  12:30  Probe  
  122  12:44  Stalker x3  
  126  12:48  Pylon  
  111  13:01  Stalker x2  
  111  13:04  Stalker  
  106  13:10  Stalker x3  
  112  13:26  Stalker x2  
  105  13:38  Stalker x2  
  105  13:39  Stalker  
  111  13:42  Observer (Chrono Boost)  
  111  13:48  Stalker  
  114  13:55  Observer (Chrono Boost)  
  115  14:06  Stalker x3  
  113  14:30  Zealot x3  
  110  15:12  Pylon  
  110  15:14  Pylon  
  110  15:20  Nexus  
  106  15:32  Pylon  
  106  15:35  Stalker x5  
  116  15:41  Pylon  
  116  15:46  Pylon  
  116  15:47  Pylon  
  116  15:59  Observer  
  116  16:03  Stalker x3  
  116  16:19  Stalker x2  
  107  16:32  Stalker x3  
  103  16:39  Observer (Chrono Boost)  
  101  16:43  Stalker x2  
  105  16:55  Assimilator  
  105  16:56  Assimilator  
  93  17:11  Stalker  
  93  17:12  Stalker  
  97  17:18  Zealot  
Show
View Real Time Build Order
Export as new Build Order

Bly Zerg - Winner!

Build Orders: Hatch First, Swarm Host 

Get SALT Encoding   

  12  0:00  Drone  
  13  0:12  Overlord  
  13  0:17  Drone  
  14  0:30  Drone x2  
  16  0:51  Hatchery  
  16  0:55  Drone  
  16  0:58  Drone  
  17  1:23  Drone  
  18  1:27  Spawning Pool  
  18  1:29  Drone x2  
  19  1:34  Extractor  
  19  1:38  Extractor, Drone  
  18  1:44  Drone  
  19  1:55  Drone  
  20  2:03  Overlord  
  20  2:07  Drone  
  21  2:14  Queen x2  
  21  2:15  Zergling x2  
  26  2:17  Drone  
  27  2:24  Drone  
  28  2:31  Drone  
  28  2:33  Metabolic Boost  
  29  2:44  Zergling x4  
  31  2:47  Drone  
  31  2:50  Queen  
  34  2:54  Overlord  
  34  3:00  Drone x2  
  36  3:17  Drone x2  
  36  3:20  Lair  
  36  3:24  Drone x5  
  41  3:32  Overlord  
  41  3:38  Queen  
  41  3:41  Spore Crawler  
  42  3:53  Drone x5  
  47  3:59  Drone x4  
  47  4:02  Extractor  
  50  4:03  Extractor  
  50  4:04  Overlord  
  49  4:10  Overlord  
  49  4:13  Extractor  
  49  4:17  Overlord x2  
  48  4:23  Nydus Network  
  47  4:32  Drone x4  
  47  4:33  Drone  
  47  4:34  Drone x2  
  54  4:42  Drone x3  
  54  4:43  Spore Crawler  
  56  4:52  Zergling x4  
  57  5:00  Nydus Canal  
  57  5:03  Queen x2  
  57  5:04  Infestation Pit  
  57  5:05  Zergling x2  
  57  5:06  Zergling x2  
  62  5:17  Nydus Canal  
  60  5:24  Zergling x8  
  62  5:33  Nydus Canal  
  62  5:38  Queen  
  62  5:39  Zergling x2  
  64  5:48  Hatchery  
  59  5:58  Swarm Host x5  
  72  6:10  Drone  
  72  6:11  Drone x2  
  75  6:15  Overlord x4  
  75  6:27  Nydus Canal  
  75  6:36  Swarm Host x5  
  90  6:54  Nydus Canal  
  88  7:08  Swarm Host x4  
  91  7:09  Drone x4  
  91  7:10  Overlord  
  91  7:13  Roach Warren, Overlord  
  103  7:22  Nydus Canal  
  101  7:30  Queen x3  
  101  7:34  Spire  
  100  7:40  Nydus Canal  
  97  7:44  Drone  
  97  7:45  Drone x6  
  104  8:05  Nydus Canal  
  104  8:10  Spore Crawler  
  104  8:12  Drone x5  
  108  8:14  Extractor, Spore Crawler  
  108  8:15  Extractor  
  105  8:21  Nydus Canal  
  105  8:26  Glial Reconstitution  
  105  8:28  Roach x7  
  119  8:37  Nydus Canal  
  119  8:40  Drone x2  
  119  8:41  Drone  
  122  8:42  Overlord  
  122  8:43  Overlord x2  
  121  8:56  Nydus Canal  
  121  8:58  Hatchery  
  121  9:02  Zerg Flyer Weapons Level 1  
  120  9:15  Drone  
  120  9:16  Drone, Overlord x2  
  122  9:18  Corruptor x5  
  122  9:23  Nydus Canal  
  132  9:28  Corruptor x2  
  136  9:45  Nydus Canal  
  133  10:01  Nydus Canal  
  133  10:03  Roach  
  133  10:04  Roach x13  
  159  10:08  Overlord  
  159  10:15  Zergling x14  
  159  10:20  Nydus Canal  
  160  10:36  Nydus Canal  
  160  10:46  Corruptor x6  
  172  10:52  Nydus Canal  
  172  10:55  Zergling x6  
  173  11:09  Overlord  
  173  11:18  Overlord x4  
  170  11:33  Zergling x16  
  176  11:56  Hatchery  
  176  11:57  Nydus Canal  
  173  12:04  Roach x9, Hatchery  
  186  12:18  Overlord  
  186  12:23  Evolution Chamber x2  
  174  12:39  Roach x3  
  174  12:40  Roach x6  
  188  12:50  Zergling x18  
  189  12:57  Nydus Canal  
  179  13:04  Zergling x10  
  171  13:06  Zerg Missile Weapons Level 1  
  171  13:07  Zerg Melee Weapons Level 1  
  141  13:21  Corruptor x4  
  149  13:28  Zergling x6  
  149  13:29  Zergling x6  
  149  13:30  Nydus Canal  
  154  13:39  Drone x8  
  162  13:48  Hatchery  
  162  13:49  Nydus Canal  
  162  13:55  Roach x5  
  168  14:11  Drone x8  
  174  14:33  Roach x13  
  174  14:38  Nydus Canal  
  172  15:00  Zergling x2  
  172  15:01  Zergling x30  
  168  15:07  Nydus Canal  
  168  15:11  Zergling x28  
  182  15:16  Ravager x12  
  193  15:23  Zergling x2  
  193  15:24  Zergling x8  
  193  15:27  Ravager x2  
  200  15:31  Nydus Canal  
  194  15:47  Spore Crawler  
  193  15:56  Nydus Canal  
  190  16:07  Hive  
  190  16:13  Nydus Canal  
  187  16:19  Zergling x2  
  187  16:20  Zergling x28  
  177  16:32  Spore Crawler, Spine Crawler  
  177  16:33  Zergling x28  
  177  16:34  Spine Crawler  
  177  16:35  Nydus Canal  
  185  16:52  Zergling x22  
  196  16:55  Nydus Canal  
Tags
 
Add a new tag
Caveats
  • Supply blocks, unpowered buildings, or Contaminate may cause inaccurate times.
  • Supply counts are checked every 10 seconds.